 Dungeon Crawl Stone Soup version 0.25-a0-289-g406d6369f5 (webtiles) character file.

Game seed: 18184342091220389456, levelgen mode: deterministic

35 MoonlitKnight the Firebug (level 3, -1/19 HPs)
             Began as a Deep Elf Fire Elementalist on Dec 12, 2019.
             Slain by Terence
             ... wielding a +0 trident
              (5 damage)
             ... on level 2 of the Dungeon.
             The game lasted 00:07:06 (1983 turns).

MoonlitKnight the Firebug (DEFE)                    Turns: 1983, Time: 00:07:06

Health: -1/19      AC:  4    Str:  6    XL:     3   Next: 16%
Magic:  3/10       EV: 12    Int: 19    God:
Gold:   110        SH:  0    Dex: 15    Spells: 5/9 levels left

rFire    . . .     SeeInvis .   f - +0 dagger
rCold    . . .     Gourm    .   (no shield)
rNeg     . . .     Faith    .   g - +0 leather armour
rPois    .         Spirit   .   m - +1 hat
rElec    .         Reflect  .   (no cloak)
rCorr    .         Harm     .   (no gloves)
MR       .....                  (no boots)
Stlth    ++........             (no amulet)
HPRegen  0.06/turn              (no ring)
MPRegen  0.12/turn              (no ring)

@: very slightly contaminated
A: no striking features
a: no special abilities


You were on level 2 of the Dungeon.
You were hungry.

You visited 1 branch of the dungeon, and saw 2 of its levels.

You collected 110 gold pieces.

Inventory:

Hand Weapons
 f - a +0 dagger (weapon)
Armour
 a - a +0 robe
 g - a +0 leather armour (worn)
 i - a +0 helmet
 m - a +1 hat (worn)
 o - a +0 leather armour
Jewellery
 k - an uncursed ring of magical power {unknown}
Scrolls
 b - 2 scrolls of random uselessness {unknown}
 e - a scroll of immolation {unknown}
 q - a scroll of magic mapping {unknown}
Potions
 d - a potion of might {unknown}
 h - a potion of curing {unknown}
 j - a potion of mutation {unknown}
 l - a potion of agility {unknown}
 p - a potion of lignification {unknown}
Comestibles
 c - 4 rations
 n - 3 chunks of flesh


   Skills:
 + Level 3.0 Dodging
 - Level 2.4 Stealth
 + Level 3.6 Spellcasting
 + Level 2.0 Conjurations
 - Level 3.6 Fire Magic


You had 5 spell levels left.
You knew the following spells:

 Your Spells              Type           Power        Failure   Level  Hunger
a - Foxfire               Conj/Fire      ##..         7%          1    None
b - Conjure Flame         Conj/Fire      ##......     22%         3    ###....

Your spell library contained the following spells:

 Spells                   Type           Power        Failure   Level  Hunger
 Inner Flame              Hex/Fire       ##......     32%         3    ###....
 Sticky Flame             Conj/Fire      ##......     56%         4    ####...
 Fireball                 Conj/Fire      ##........   89%         5    ######.


Dungeon Overview and Level Annotations

Branches:
Dungeon (2/15)

Altars:

Annotations:
D:2 Terence


Message History

Confirm with . or Enter, or press ? or * to list all spells.
You miscast Conjure Flame.
Wisps of smoke drift from your hands.
Terence hits you from afar with a +0 trident!
* * * LOW HITPOINT WARNING * * *
Casting: Conjure Flame (safe; 22% risk of failure)
Confirm with . or Enter, or press ? or * to list all spells.
You miscast Conjure Flame.
Nothing appears to happen.
You are feeling hungry.
Terence barely misses you.
Terence zaps a wand.
You hear a grinding noise.
Terence zaps a wand.
You hear a grinding noise.
Terence closely misses you.
A goblin comes into view. It is wielding a +0 club.
The goblin unwields a +0 club.
The goblin wields a +0 hunting sling.
The goblin shoots a stone.
The stone hits you.
* * * LOW HITPOINT WARNING * * *
Terence hits you from afar with a +0 trident.
You die...

..# #.#.#.#.# #.#
#..###..# #<# #####
##.## #.# #.# ##...##
##..# #.# #.#
##.....###...# #.# #.#
#.......#..#.# #.# #.#
#........@...# #.# #.#
#........##### #.# #.#
##.....@#######
#.#########............#
...<........#..#######g#
.........####.#
....####.# #.# #.#.# #.#
#.# #.#.# #.# #.#
#.#.####.####.#
#.............#


You could see Terence and a goblin.

Vanquished Creatures
  An ooze (D:1)
  A dart slug (D:2)
  A leopard gecko (D:1)
  2 goblins (D:2)
  4 hobgoblins
  3 jackals (D:1)
  8 bats
  2 frilled lizards
  A kobold (D:1)
  4 rats
27 creatures vanquished.

Vanquished Creatures (others)
  72 foxfires
72 creatures vanquished.

Grand Total: 99 creatures vanquished

Notes
Turn   | Place    | Note
-------+----------+-------------------------------------------
     0 | D:1      | MoonlitKnight the Deep Elf Fire Elementalist began the
                  | quest for the Orb.
     0 | D:1      | Reached XP level 1. HP: 10/10 MP: 6/6
   294 | D:1      | Reached XP level 2. HP: 15/15 MP: 5/8
  1307 | D:2      | Reached XP level 3. HP: 19/19 MP: 8/10
  1329 | D:2      | Learned a level 3 spell: Conjure Flame
  1961 | D:2      | Noticed Terence
  1983 | D:2      | Slain by Terence

Levels and vault maps discovered:
D:1:      nicolae_arrival_washed_ashore, layout_basic
D:2:      layout_loops_ring, first_ration, uniq_terence, uniq_crazy_yiuf_cottage

Skill      XL: |  1  2  3 |
---------------+----------+-----
Dodging        | 3 |  3.0
Conjurations   | 2 |  2.0
Stealth        | |  2.4
Spellcasting   | |  3.6
Fire Magic     | |  3.6

Action                   || total
-------------------------++-------
Melee: Unarmed           ||     5
       Dagger            ||    25
 Cast: Foxfire           ||    44
       Conjure Flame     ||     2
  Eat: Chunk             ||     3
Armor: Leather armour    ||    21
Dodge: Dodged            ||    36

Table legend:
 A = Non-vault XP
 B = Vault XP
 C = Vault XP percentage of total XP
 D = Non-vault monster count
 E = Vault monster count
 F = Vault count percentage of total count
                 A         B        C        D         E       F
            +---------+---------+-------+---------+---------+-------
      Total |      50 |       0 |   0.0 |      27 |       0 |   0.0
            +---------+---------+-------+---------+---------+-------
        D:1 |      29 |       0 |   0.0 |      15 |       0 |   0.0
        D:2 |      21 |       0 |   0.0 |      12 |       0 |   0.0
            +---------+---------+-------+---------+---------+-------
